 Dungeon Crawl Stone Soup version 0.31-a0-473-g61b50ae490 (webtiles) character file.

Game seed: 2209032725648563007

14646 pokeman the Eclecticist (level 11, -23/63 HPs)
             Began as a Deep Elf Hedge Wizard on Aug 6, 2023.
             Was a Believer of Vehumet.
             Hit by a large rock thrown by a cyclops (40 damage)
             ... on level 11 of the Dungeon.
             The game lasted 00:30:16 (13458 turns).

pokeman the Eclecticist (Deep Elf Hedge Wizard)    Turns: 13458, Time: 00:30:17

Health: -23/63     AC:  8    Str:  7    XL:     11   Next: 91%
Magic:  29/34      EV: 13    Int: 26    God:    Vehumet [**....]
Gold:   397        SH:  0    Dex: 20    Spells: 29/44 levels left

rFire   x . .        x - +12 war axe of the Endless March {heavy, rF- Will+ SInv}
rCold   . . .        (no shield)
rNeg    . . .        t - +1 robe of the Beloved God {Int+2}
rPois   .            y - +1 helmet {SInv}
rElec   .            m - +0 cloak
rCorr   .            (no gloves)
SInv    +            I - +0 pair of boots
Will    ++...        (no amulet)
Stlth   +++          r - +6 ring of dexterity
HPRegen 0.30/turn    (no ring)
MPRegen 0.24/turn

%: no passive effects
@: on blink cooldown
A: no striking features
a: Renounce Religion


You were on level 11 of the Dungeon.
You worshipped Vehumet.
Vehumet was pleased with you.
You visited 2 branches of the dungeon, and saw 12 of its levels.
You also visited: Sewer.

You collected 562 gold pieces.
You spent 165 gold pieces at shops.

Inventory:

Hand Weapons
 p - the +0 spear of the Beastly God {flame, rElec}
   (You found it on level 5 of the Dungeon)

   rElec:     It insulates you from electricity.
 x - the +12 war axe of the Endless March (weapon) {heavy, rF- Will+ SInv}
   (You found it on level 4 of the Dungeon)

   rF:        It makes you vulnerable to fire.
   SInv:      It lets you see invisible.
   Will:      It increases your willpower.
 L - a +1 demon whip of venom
Missiles
 u - 2 curare-tipped darts
 H - a throwing net
Armour
 c - a +0 pair of boots
 m - a +0 cloak (worn)
 t - the +1 robe of the Beloved God (worn) {Int+2}
   (You found it on level 3 of the Dungeon)

   Int:       It affects your intelligence (+2).
 y - a +1 helmet of see invisible (worn)
 I - a +0 pair of boots (worn)
 J - a +0 troll leather armour
 O - an orb of mayhem
 P - +0 acid dragon scales
Jewellery
 r - a +6 ring of dexterity (left hand)
Wands
 z - a wand of paralysis (4)
 D - a wand of flame (21)
 E - a wand of acid (2)
 F - a wand of mindburst (5)
 Q - a wand of digging (6)
Scrolls
 b - a scroll of enchant armour {unknown}
 f - 16 scrolls of identify {unknown}
 g - 4 scrolls of revelation {unknown}
 h - a scroll of torment {unknown}
 i - 3 scrolls of immolation {unknown}
 j - 5 scrolls of teleportation {unknown}
 v - 3 scrolls of poison {unknown}
 w - 3 scrolls of blinking {unknown}
 B - a scroll of fear {unknown}
 K - a scroll of noise {unknown}
 M - a scroll of amnesia {unknown}
 N - a scroll of silence {unknown}
Potions
 a - 7 potions of heal wounds
 d - 2 potions of magic
 e - a potion of resistance {unknown}
 k - 3 potions of mutation {unknown}
 l - 3 potions of invisibility {unknown}
 n - 9 potions of curing
 o - 4 potions of enlightenment
 q - 3 potions of lignification {unknown}
 s - a potion of attraction {unknown}
 A - a potion of haste {unknown}
 C - a potion of might {unknown}
 G - a potion of brilliance {unknown}


   Skills:
 + Level 5.1 Fighting
 - Level 5.5 Armour
 - Level 3.2 Dodging
 - Level 3.0 Stealth
 * Level 17.3 Spellcasting
 + Level 10.4 Conjurations
 - Level 1.1 Summonings
 - Level 1.1 Translocations
 + Level 3.8 Fire Magic
 - Level 1.1 Air Magic
 + Level 0.1 Earth Magic
 - Level 1.0 Poison Magic
 - Level 2.2 Evocations


You had 29 spell levels left.
You knew the following spells:

 Your Spells              Type           Power      Damage    Failure   Level
a - Magic Dart            Conj           100%       1d8       1%          1
b - Mephitic Cloud        Conj/Pois/Air  44%        N/A       1%          3
c - Call Imp              Summ           56%        N/A       1%          2
d - Blink                 Tloc           56%        N/A       1%          2
e - Foxfire               Conj/Fire      100%       2x1d9     1%          1
f - Leda's Unmaking       Conj/Erth      25%        9d5       36%         6

Your spell library contained the following spells:

 Spells                   Type           Power      Damage    Failure   Level
 Poisonous Vapours        Pois/Air       56%        N/A       1%          2
 Lesser Beckoning         Tloc           56%        N/A       1%          2
 Momentum Strike          Conj/Tloc      100%       3d10      1%          2
 Sticky Flame             Conj/Fire      56%        2d7       1%          4
 Slow                     Hex            88%        N/A       2%          1
 Cigotuvi's Dreadful Rot  Necr/Pois/Air  52%        N/A       2%          2
 Ignite Poison            Fire/Tmut/Pois 31%        N/A       3%          3
 Confusing Touch          Hex            22%        N/A       6%          3
 Ozocubu's Armour         Ice            22%        N/A       6%          3
 Vampiric Draining        Necr           22%        2d7       6%          3
 Leda's Liquefaction      Hex/Erth       11%        N/A       21%         4
 Lee's Rapid Deconstruct  Erth           11%        3d8*      50%         5
 Ozocubu's Refrigeration  Ice            11%        4d9       100%        7
 Ignition                 Fire           21%        3d8       100%        8


Dungeon Overview and Level Annotations

Branches:
Dungeon (11/15)            Temple (1/1) D:7            Lair (0/5) D:8
  Sewer (visited)
    Orc: D:9-12

Altars:
Ashenzari
Cheibriados
Dithmenos
Elyvilon
Fedhas
Gozag
Hepliaklqana
Kikubaaqudgha
Makhleb
Nemelex Xobeh
Okawaru
Qazlal
Ru
Sif Muna
Trog
Uskayaw
Vehumet
Wu Jian
Xom
Yredelemnul
Zin
The Shining One

Shops:
D:6 [   D:7 !

Annotations:
D:2 Loot behind rock
D:6 3 runed translucent doors, Shard1697's ghost, novice HORe; randomguy2701's ghost, novice MiFi
D:10 2 runed translucent doors, pokeman's ghost, journeyman DEHW


Message History

The cyclops appears confused.
Really walk into that cloud of noxious fumes? [Y]es or [N]o only, please.
Really walk into that cloud of noxious fumes? [Y]es or [N]o only, please.
Really walk into that cloud of noxious fumes?
Okay, then.
Unknown command.
You slash the cyclops!
The cyclops is lightly wounded.
The cyclops is engulfed in noxious fumes.
You catch the helpless cyclops completely off-guard!
You slice the cyclops!!
The cyclops is severely wounded.
The cyclops seems less confused.
The cyclops hits you!
You slash the cyclops!
The cyclops is almost dead.
The cyclops closely misses you. The cyclops hits you!
Unknown command.
You hit the cyclops.
The cyclops is almost dead.
The cyclops hits you!
* * * LOW HITPOINT WARNING * * *
Unknown command.
Casting: Mephitic Cloud (safe; 1% risk of failure)
Confirm with . or Enter, or press ? or * to list all spells.
You blink.
Unknown command.
Casting: Blink (safe; 1% risk of failure)
Confirm with . or Enter, or press ? or * to list all spells.
Aiming: Mephitic Cloud (safe; 1% risk of failure)
Press: ? - help, Shift-Dir - straight line, f/p - cyclops
Aim: a cyclops, quivering large rocks (almost dead, chance to affect: 58%)
The ball explodes into a vile cloud!
The stinking cloud engulfs the cyclops but does no damage.
The cyclops is almost dead.
The cyclops is engulfed in noxious fumes.
The cyclops throws a large rock.
The large rock hits you!!!
Ouch! That really hurt!
You die...

.........#.........###..#
...................##..###
.†................###....#
.............#...####....#####
###..........#...#..##..###..###
#.###......#.#....#..###.....#
##...
##..#....##..##....#....###
#...##
...#####.##..#.....#.....# .....
...# #...@..##.....#.....# ###.
.......#☼.☼............. #
#...#.####C.............. #
#..... #. #.§§..........#.# ##
.#..## #. #..............###
.###.... .................####
.....>.# ....#.......##...#.#.
.......# ...####...........[...
........ ... #.......#........


You could see a cyclops.

Vanquished Creatures
  5 two-headed ogres
  Amaemon (D:10)
  Pikel (D:7)
  A gargoyle (D:10)
  Joseph (D:9)
  An orange demon (D:10)
  A komodo dragon (D:10)
  An unseen horror (D:10)
  3 trolls (D:10)
  Grinder (D:3)
  3 wraiths
  22 yaks
  A wyvern (D:10)
  A shadow (D:10)
  A vampire mosquito (D:10)
  4 acid dragons
  Menkaure (D:7)
  Duvessa (D:6)
  A water moccasin (D:5)
  3 orc warriors
  2 sky beasts (D:8)
  4 black bears
  5 centaurs
  An ogre (D:6)
  A phantom (D:6)
  A lemure (D:7)
  3 kobold brigands
  2 bullfrogs
  2 gnoll sergeants
  2 scorpions (D:5)
  Dowan (D:6)
  7 howler monkeys
  3 hounds
  A jelly (D:6)
  6 orc priests
  2 sleepcaps
  2 iguanas
  15 orc wizards
  20 gnolls
  6 adders
  A river rat (Sewer)
  2 shadow imps
  2 white imps
  3 ufetubi
  A worm (D:4)
  A dart slug (D:4)
  31 orcs
  9 bats
  9 endoplasms
  4 giant cockroaches
  6 goblins
  4 hobgoblins
  8 jackals
  23 kobolds
  5 quokkas
  6 ball pythons
  6 frilled lizards
  10 rats
271 creatures vanquished.

Vanquished Creatures (collateral kills)
  A yak (D:10)
  An orc warrior (D:10)
  A gnoll (D:9)
3 creatures vanquished.

Vanquished Creatures (others)
  2 electric eels (D:8)
  221 foxfires
223 creatures vanquished.

Grand Total: 497 creatures vanquished

Notes
Turn   | Place    | Note
-------+----------+-------------------------------------------
     0 | D:1      | pokeman the Deep Elf Hedge Wizard began the quest for the
                  | Orb.
     0 | D:1      | Reached XP level 1. HP: 10/10 MP: 7/7
   318 | D:1      | Reached XP level 2. HP: 15/15 MP: 6/9
  1235 | D:2      | Reached skill level 5 in Spellcasting
  1393 | D:2      | Reached XP level 3. HP: 20/20 MP: 7/11
  1397 | D:2      | Learned a level 3 spell: Mephitic Cloud
  1400 | D:2      | Learned a level 2 spell: Call Imp
  1403 | D:2      | Learned a level 2 spell: Blink
  1591 | D:2      | Found an ancient bone altar of Kikubaaqudgha.
  1751 | D:2      | Reached skill level 1 in Fighting
  1751 | D:2      | Reached skill level 1 in Armour
  2159 | D:3      | Identified the +1 robe of the Beloved God {Int+2}
  2257 | D:3      | Reached XP level 4. HP: 19/25 MP: 2/13
  2497 | D:3      | Found a faded altar of an unknown god.
  2970 | D:3      | Noticed Grinder
  3365 | D:4      | Found a glowing drain.
  3383 | Sewer    | Entered a sewer
  3492 | Sewer    | Noticed a kobold brigand
  3527 | Sewer    | Killed a kobold brigand
  3528 | Sewer    | Reached skill level 6 in Spellcasting
  3528 | Sewer    | Reached skill level 1 in Poison Magic
  3528 | Sewer    | Reached XP level 5. HP: 21/29 MP: 2/15
  3641 | Sewer    | Found a white marble altar of Elyvilon.
  3782 | D:4      | Found a snail-covered altar of Cheibriados.
  3890 | D:4      | Noticed a black bear
  3903 | D:4      | Killed a black bear
  3904 | D:4      | Reached skill level 1 in Air Magic
  3904 | D:4      | Reached XP level 6. HP: 28/34 MP: 9/17
  4168 | D:4      | Reached skill level 7 in Spellcasting
  4426 | D:4      | Identified the +12 war axe of the Endless March {heavy, rF-
                  | Will+ SInv}
  4896 | D:5      | Entered Level 5 of the Dungeon
  4960 | D:5      | Identified the +0 spear of the Beastly God {flame, rElec}
  5016 | D:5      | Reached XP level 7. HP: 30/40 MP: 15/20
  5200 | D:5      | Reached skill level 8 in Spellcasting
  5858 | D:6      | Reached skill level 9 in Spellcasting
  6249 | D:6      | Reached XP level 8. HP: 35/44 MP: 19/23
  6353 | D:6      | Reached skill level 5 in Conjurations
  6370 | D:6      | Found Uvvenadu's Armour Shop.
  6486 | D:6      | Reached skill level 10 in Spellcasting
  6602 | D:6      | Found a shimmering blue altar of Sif Muna.
  6687 | D:6      | Found a sacrificial altar of Ru.
  6887 | D:6      | Noticed Duvessa
  6890 | D:6      | Noticed Dowan
  6893 | D:6      | Killed Duvessa
  6899 | D:6      | Killed Dowan
  6955 | D:6      | Noticed a +0 short sword
  6955 | D:6      | Noticed a +0 spear
  6955 | D:6      | Noticed a +0 dagger
  6955 | D:6      | Noticed a +0 falchion
  6955 | D:6      | Noticed a +0 spear
  6956 | D:6      | Noticed a +0 dagger
  6957 | D:6      | Noticed a +0 short sword
  6961 | D:6      | Noticed a +0 falchion
  7010 | D:6      | Found a hide-covered altar of Uskayaw.
  7185 | D:6      | Found a runed translucent gate.
  7188 | D:6      | Found a runed translucent gate.
  7189 | D:6      | Found a runed translucent gate.
  7189 | D:6      | Noticed Shard1697's ghost (novice HORe)
  7189 | D:6      | Noticed randomguy2701's ghost (novice MiFi)
  7294 | D:7      | Noticed Pikel
  7304 | D:7      | Killed Pikel
  7305 | D:7      | Reached skill level 11 in Spellcasting
  7305 | D:7      | Reached XP level 9. HP: 34/50 MP: 23/26
  7381 | D:7      | Found a staircase to the Ecumenical Temple.
  7392 | Temple   | Entered the Ecumenical Temple
  7433 | D:7      | Noticed Menkaure
  7446 | D:7      | Killed Menkaure
  7566 | D:7      | Found Gefevups's Distillery.
  7630 | D:7      | Bought a potion of curing for 33 gold pieces
  7630 | D:7      | Bought a potion of degeneration for 11 gold pieces
  7630 | D:7      | Bought a potion of heal wounds for 55 gold pieces
  7630 | D:7      | Bought a potion of curing for 33 gold pieces
  7630 | D:7      | Bought a potion of curing for 33 gold pieces
  7666 | D:7      | Reached skill level 12 in Spellcasting
  7729 | D:7      | Found a bloodstained altar of Trog.
  8374 | D:8      | Found a radiant altar of Vehumet.
  8382 | D:8      | Became a worshipper of Vehumet
  8458 | D:8      | Found a staircase to the Lair.
  8532 | D:8      | Reached skill level 13 in Spellcasting
  8569 | D:8      | Noticed a two-headed ogre
  8605 | D:8      | Killed a two-headed ogre
  8606 | D:8      | Reached XP level 10. HP: 29/56 MP: 1/29
  9011 | D:9      | Reached skill level 14 in Spellcasting
  9143 | D:9      | Found an iron altar of Okawaru.
  9143 | D:9      | Found a shadowy altar of Dithmenos.
  9319 | D:9      | Reached skill level 1 in Evocations
  9327 | D:9      | Reached * piety under Vehumet
  9327 | D:9      | Offered knowledge of Shock by Vehumet.
  9520 | D:9      | Noticed Joseph
  9536 | D:9      | Killed Joseph
 10220 | D:9      | Found an ornate altar of the Wu Jian Council.
 10760 | D:10     | Entered Level 10 of the Dungeon
 10772 | D:10     | Noticed a two-headed ogre
 10773 | D:10     | Reached skill level 15 in Spellcasting
 10778 | D:10     | Killed a two-headed ogre
 10779 | D:10     | Reached skill level 5 in Armour
 10781 | D:10     | Noticed a two-headed ogre
 10795 | D:10     | Noticed a two-headed ogre
 10815 | D:10     | Killed a two-headed ogre
 10816 | D:10     | Reached XP level 11. HP: 19/61 MP: 7/32
 10826 | D:10     | Killed a two-headed ogre
 11023 | D:10     | Reached skill level 16 in Spellcasting
 11023 | D:10     | Reached ** piety under Vehumet
 11023 | D:10     | Offered knowledge of Foxfire by Vehumet.
 11032 | D:10     | Learned a level 1 spell: Foxfire
 11219 | D:10     | Reached skill level 1 in Fire Magic
 11274 | D:10     | Noticed a two-headed ogre
 11284 | D:10     | Killed a two-headed ogre
 11354 | D:10     | Found a runed translucent door.
 11354 | D:10     | Noticed Amaemon
 11361 | D:10     | Noticed a skeletal warrior
 11377 | D:10     | Killed Amaemon
 11381 | D:10     | Reached skill level 10 in Conjurations
 11444 | D:10     | Noticed a harpy
 11446 | D:10     | Noticed a skeletal warrior
 11448 | D:10     | Noticed a lich
 11449 | D:10     | Noticed a necromancer
 11449 | D:10     | Noticed pokeman's ghost (journeyman DEHW)
 11452 | D:10     | Found a runed translucent door.
 11884 | D:10     | Found a blossoming altar of Fedhas.
 11902 | D:10     | Reached skill level 17 in Spellcasting
 12333 | D:10     | Reached skill level 5 in Fighting
 12448 | D:10     | Identified the +7 broad axe of Analysis {heavy, *Rage rElec
                  | rF+ Int+6}
 12628 | D:3      | Killed Grinder
 13222 | D:11     | Offered knowledge of Poisonous Vapours by Vehumet.
 13266 | D:11     | Learned a level 6 spell: Leda's Unmaking
 13458 | D:11     | Hit by a large rock thrown by a cyclops

Illustrated notes

Levels and vault maps discovered:
D:1:      heliophobic_arrival_ceremonial_halls, layout_loops_cross,
          chequers_serial_rivers_micro_d
D:2:      layout_basic, basic_altar, due_unseen_surprise
D:3:      layout_basic, ebering_ecumenical_altar_hall,
          minmay_fractal_squares_gapless_5, uniq_grinder
D:4:      wad_woods_pond, layout_gridville, kennysheep_slug_shrine,
          serial_demonic, serial_demonic_f, serial_demonic_a, serial_demonic_b,
          serial_demonic_b, cheibrodos_sewer_entry_drain, minmay_misc_feat_iff,
          columned_hall_lemuel, minmay_goblin_kobold_house
D:5:      layout_loops_ring
D:6:      layout_basic, nicolae_uskayaw_en_pointe, old_standard_altar,
          nicolae_ru_sacrificial_ziggurat, gammafunk_ghost_cemetery,
          serial_shops, shop, corexii_checkpoint_a, uniq_duvessa
D:7:      layout_loops_ring, bloody_trog, minmay_temple_entry_mist,
          serial_shops, shop, uniq_menkaure, uniq_pikel
D:8:      layout_rooms, mainiacjoe_overflow_alcove_2, lair_entry_dummy,
          serial_bayou_ford_a
D:9:      layout_layer_cave, mainiacjoe_overflow_chevrons,
          chequers_temple_overflow_statue_of_worship, minmay_sticks_and_stones
D:10:     layout_long_grid, fedhas_bush_and_centaur_altar,
          muffindrake_ghost_dual_entry, kennysheep_kite_vault, uniq_amaemon
D:11:     layout_cave_pools
Temple:   hc_temple_tempest_star

Skill      XL: |  1  2  3  4  5  6  7  8  9 10 11 |
---------------+----------------------------------+-----
Spellcasting   | 5 6 7 9 11 13 15 17 | 17.3
Fighting       | 1 2 3 4 5 |  5.1
Armour         | 1 2 3 5 |  5.5
Conjurations   | 2 3 4 6 8 9 10 | 10.4
Stealth        | 3 |  3.0
Dodging        | 3 |  3.2
Poison Magic   | 1 |  1.0
Air Magic      | 1 |  1.1
Evocations     | 2 |  2.2
Fire Magic     | 3 |  3.8
Summonings     | |  1.1
Translocations | |  1.1
Earth Magic    | |  0.1

Action                     |  1- 3 |  4- 6 |  7- 9 | 10-12 || total
---------------------------+-------+-------+-------+-------++-------
  Melee: Dagger            |     1 |       |       |       ||     1
         Short sword       |     4 |    48 |       |       ||    52
         Punch             |       |     2 |     1 |     1 ||     4
         War axe           |       |     4 |    81 |   145 ||   230
   Cast: Magic Dart        |   106 |   118 |   153 |    41 ||   418
         Mephitic Cloud    |       |     9 |    30 |    57 ||    96
         Call Imp          |       |       |     5 |    12 ||    17
         Blink             |       |       |     1 |     7 ||     8
         Foxfire           |       |       |       |   119 ||   119
  Evoke: Wand              |       |       |       |     6 ||     6
   Stab: Confused          |       |     1 |     9 |    26 ||    36
         Sleeping          |       |     1 |       |       ||     1
 Armour: Robe              |     4 |    12 |    31 |    42 ||    89
  Dodge: Dodged            |    11 |    34 |    84 |   133 ||   262

Table legend: (Time is in decaauts)
 A = Elapsed time spent in this place.
 B = Non-inter-level travel time spent in this place.
 C = Inter-level travel time spent in this place.
 D = Time resting spent in this place.
 E = Time spent auto-exploring this place.
 F = Levels seen in this place.
 G = Mean time per level.
                   A        B        C        D        E       F      G
               +--------+--------+--------+--------+--------+-----+--------+
         Total |  13821 |  13130 |    691 |    491 |  10319 |  13 | 1063.2 |
       Dungeon |  13496 |  12805 |    691 |    483 |  10069 |  11 | 1226.9 |
        Temple |      1 |      1 |      0 |      0 |      0 |   1 |    1.0 |
         Sewer |    323 |    323 |      0 |      8 |    249 |   1 |  323.0 |
               +--------+--------+--------+--------+--------+-----+--------+

Top non-repeatable levels by time:
    D:10: 1927 daAuts
     D:9: 1840 daAuts
     D:6: 1613 daAuts
     D:4: 1328 daAuts
     D:3: 1285 daAuts
     D:1: 1233 daAuts
     D:8: 1015 daAuts
     D:5: 940 daAuts
     D:7: 927 daAuts
     D:2: 831 daAuts
    D:11: 554 daAuts
   Sewer: 323 daAuts
  Temple: 1 daAuts
